 Dungeon Sprint DCSS version 0.22.1-2-g9c5b331383 (webtiles) character file.

8695 Groucho the Severer (level 11, -7/92 HPs)
             Began as a Naga Fighter on Nov 19, 2018.
             Was a High Priest of Cheibriados.
             Mangled by a merfolk impaler
             ... wielding a +0 trident
              (12 damage)
             ... in the Dungeon (Sprint VII: "The Pits").
             The game lasted 00:08:17 (2650 turns).

Groucho the Severer (Naga Fighter)                  Turns: 2650, Time: 00:08:18

Health: -7/92      AC: 17    Str: 35    XL:     11   Next: 34%
Magic:  15/19      EV:  6    Int: 23    God:    Cheibriados [*****.]
Gold:   0          SH: 13    Dex: 31    Spells: 10/10 levels left

rFire    . . .     SeeInvis +   x - +2 war axe (chop)
rCold    . . .     Gourm    .   c - +0 shield
rNeg     . . .     Faith    .   y - +3 plate armour
rPois    +         Spirit   .   (no helmet)
rElec    .         Reflect  .   (no cloak)
rCorr    .         Harm     .   (no gloves)
MR       +....     NoTele   +   (no barding)
Stlth    ..........             (no amulet)
HPRegen  0.25/turn              t - +3 ring of dexterity
MPRegen  0.16/turn              u - +3 ring of strength

@: engulfed (cannot breathe), very slow
A: large, see invisible, deformed body, poison resistance, slowness 2, slow
metabolism 1, spit poison 1, AC +3
a: Spit Poison, Bend Time, Temporal Distortion, Slouch, Step From Time, Renounce
Religion


You were in the Dungeon.
You worshipped Cheibriados.
Cheibriados was extremely pleased with you.
You were not hungry.

You visited 1 branch

Inventory:

Hand Weapons
 a - a +2 broad axe
 d - a +1 flail of crushing
 r - a +2 hand axe of chopping
 s - a +0 morningstar
 x - a +2 war axe of chopping (weapon)
Missiles
 n - 10 stones (quivered)
Armour
 c - a +0 shield (worn)
 y - a +3 plate armour (worn)
Jewellery
 t - a +3 ring of dexterity (left hand)
 u - a +3 ring of strength (right hand)
Scrolls
 k - a scroll of blinking
 o - 3 scrolls of remove curse
 p - 5 scrolls of amnesia
 q - a scroll of summoning
Potions
 e - 10 potions of curing
 g - 2 potions of heal wounds
 h - a potion of haste
 i - 4 potions of magic
 j - 7 potions of berserk rage
 m - a potion of invisibility
 v - a potion of resistance
 w - a potion of brilliance
Comestibles
 f - 7 rations


   Skills:
 + Level 4.0 Fighting
 - Level 18.0 Axes
 + Level 13.3 Armour
 + Level 1.9 Dodging
 + Level 3.2 Shields
 - Level 11.7 Invocations


You had 10 spell levels left.
You didn't know any spells.
Your spell library was empty.

Dungeon Overview and Level Annotations

Branches:
Dungeon (1/1)

Altars:
Ashenzari
Cheibriados
Dithmenos
Elyvilon
Fedhas
Gozag
Hepliaklqana
Kikubaaqudgha
Makhleb
Nemelex Xobeh
Okawaru
Qazlal
Ru
Sif Muna
Trog
Uskayaw
Vehumet
Wu Jian
Xom
Yredelemnul
Zin
The Shining One
Beogh
Jiyva
Lugonu


Innate Abilities, Weirdness & Mutations

You cannot wear boots.
Your serpentine skin is tough. (AC +3)
You have supernaturally acute eyesight. (SInv)
Armour fits poorly on your strangely shaped body.
Your system is resistant to poisons. (rPois)
You cover ground very slowly.
You have a slow metabolism.
You can spit poison.


Message History

The merfolk barely misses you.
The merfolk impaler hits you from afar with a trident.
The merfolk aquamancer barely misses you.
You shred the net and break free!
Your lungs strain for air!
A jumping spider comes into view.
A redback comes into view.
The water elemental hits you.
The merfolk hits you from afar with a glaive of venom!
The merfolk impaler hits you from afar with a trident!
* * * LOW HITPOINT WARNING * * *
The merfolk hits you from afar with a trident.
* * * LOW HITPOINT WARNING * * *
You barely miss the merfolk aquamancer.
The merfolk aquamancer is heavily wounded.
The jumping spider hisses angrily.
You hit the water elemental but do no damage.
* * * LOW HITPOINT WARNING * * *
Your lungs strain for air!
The merfolk impaler hits you from afar with a trident!
You die...

###### ############
###### ....'..†...###
..... ..).'..'.....##
.... ...##..##.....#
...# .###....###....#
mm.#
##........###.###mm# .
#...#..#...#....#..#..ss
)..........'....@mE'.s.o
#...#..#...#....#E.#....
##..).....###.###Om# .
.###....###....# ...#
...##..##.....## ...#
....'..'.[...## ....
#...5..'...### .....
############ ######


You could see a merfolk impaler, a merfolk aquamancer, 4 merfolk, a two-headed
ogre, 2 water elementals, a jumping spider, 2 redbacks and an orc.

Vanquished Creatures
  A ghost moth (D)
  A death knight (D)
  A death yak (D)
  A swamp dragon (D)
  A wizard (D)
  A deep troll (D)
  A cyclops (D)
  An orange demon (D)
  A komodo dragon (D)
  A freezing wraith (D)
  2 hornets (D)
  A polar bear (D)
  5 dream sheep (D)
  2 redbacks (D)
  2 flying skulls (D)
  A ynoxinul (D)
  Grum (D)
  A hungry ghost (D)
  A floating eye (D)
  A water moccasin (D)
  An eye of draining (D)
  An ice beast (D)
  An ogre (D)
  3 wolves (D)
  2 small abominations (D)
  An orc priest (D)
  A gnoll shaman (D)
  Ijyb (D)
  An orc wizard (D)
  A worker ant (D)
  5 gnolls (D)
  2 orcs (D)
  A ball python (D)
  A bat skeleton (D)
  A giant cockroach (D)
  2 goblins (D)
  3 jackals (D)
  A kobold (D)
  2 quokkas (D)
  A quokka skeleton (D)
  A rat (D)
60 creatures vanquished.

Notes
Turn   | Place    | Note
-------+----------+-------------------------------------------
     0 | D        | Groucho the Naga Fighter began the quest for the Orb.
     0 | D        | Reached XP level 1. HP: 21/21 MP: 1/1
    39 | D        | Found a glowing golden altar of the Shining One.
    39 | D        | Found a glowing silver altar of Zin.
    39 | D        | Found a basalt altar of Yredelemnul.
    39 | D        | Found a shimmering altar of Xom.
    39 | D        | Found an ornate altar of the Wu Jian Council.
    39 | D        | Found a bloodstained altar of Trog.
    39 | D        | Found a deep blue altar of Sif Muna.
    39 | D        | Found a sacrificial altar of Ru.
    39 | D        | Found a stormy altar of Qazlal.
    39 | D        | Found an iron altar of Okawaru.
    39 | D        | Found a sparkling altar of Nemelex Xobeh.
    39 | D        | Found a burning altar of Makhleb.
    39 | D        | Found a viscous altar of Jiyva.
    39 | D        | Found a hazy altar of Hepliaklqana.
    39 | D        | Found an opulent altar of Gozag.
    39 | D        | Found a blossoming altar of Fedhas.
    39 | D        | Found a white marble altar of Elyvilon.
    39 | D        | Found a shadowy altar of Dithmenos.
    39 | D        | Found a snail-covered altar of Cheibriados.
    40 | D        | Found a radiant altar of Vehumet.
    40 | D        | Found a corrupted altar of Lugonu.
    40 | D        | Found a roughly hewn altar of Beogh.
    41 | D        | Found an ancient bone altar of Kikubaaqudgha.
    41 | D        | Found a hide-covered altar of Uskayaw.
    41 | D        | Found a shattered altar of Ashenzari.
    47 | D        | Became a worshipper of Cheibriados the Contemplative
    61 | D        | Reached skill level 3 in Axes
    67 | D        | Reached * piety under Cheibriados
   112 | D        | Reached skill level 1 in Invocations
   116 | D        | Reached ** piety under Cheibriados
   133 | D        | Noticed a gnoll shaman
   133 | D        | Noticed a worker ant
   137 | D        | Reached skill level 4 in Axes
   137 | D        | Reached XP level 2. HP: 25/28 MP: 4/4
   137 | D        | Reached XP level 3. HP: 31/34 MP: 5/5
   144 | D        | Reached *** piety under Cheibriados
   144 | D        | Reached skill level 5 in Axes
   145 | D        | Reached skill level 6 in Axes
   145 | D        | Reached skill level 5 in Invocations
   145 | D        | Reached XP level 4. HP: 27/42 MP: 5/7
   146 | D        | Reached **** piety under Cheibriados
   147 | D        | Reached skill level 7 in Axes
   151 | D        | Reached ***** piety under Cheibriados
   229 | D        | Noticed a floating eye
   229 | D        | Noticed an ice beast
   229 | D        | Noticed a wolf
   231 | D        | Paralysed by a floating eye for 4 turns
   236 | D        | Killed a floating eye
   236 | D        | Reached skill level 8 in Axes
   236 | D        | Reached XP level 5. HP: 49/49 MP: 8/11
   242 | D        | Killed an ice beast
   242 | D        | Reached skill level 9 in Axes
   242 | D        | Reached XP level 6. HP: 56/56 MP: 8/13
   254 | D        | Reached skill level 10 in Axes
   254 | D        | Reached skill level 10 in Invocations
   271 | D        | Reached ****** piety under Cheibriados
   276 | D        | Noticed Ijyb
   282 | D        | Reached XP level 7. HP: 45/62 MP: 13/15
   289 | D        | Killed Ijyb
   349 | D        | Noticed a hungry ghost
   355 | D        | Killed a hungry ghost
   355 | D        | Reached skill level 11 in Axes
   358 | D        | Noticed a death yak
   365 | D        | Killed a death yak
   365 | D        | Reached skill level 12 in Axes
   365 | D        | Reached XP level 8. HP: 35/69 MP: 5/16
   729 | D        | Reached skill level 13 in Axes
   745 | D        | Noticed a hornet
   746 | D        | Killed a hornet
   883 | D        | Noticed a ghost moth
   883 | D        | Noticed a komodo dragon
   892 | D        | Killed a komodo dragon
   892 | D        | Reached XP level 9. HP: 51/75 MP: 1/17
   915 | D        | Killed a ghost moth
   915 | D        | Reached skill level 15 in Axes
  1434 | D        | Noticed an orange demon
  1436 | D        | Reached skill level 10 in Armour
  1437 | D        | Killed an orange demon
  1437 | D        | Reached XP level 10. HP: 84/84 MP: 12/18
  1438 | D        | Noticed a swamp dragon
  1442 | D        | Noticed Grum
  1447 | D        | Killed Grum
  1447 | D        | Reached skill level 16 in Axes
  1548 | D        | Killed a swamp dragon
  1839 | D        | Noticed a deep troll
  1839 | D        | Noticed a cyclops
  1841 | D        | Killed a deep troll
  1841 | D        | Reached skill level 17 in Axes
  1847 | D        | Killed a cyclops
  2094 | D        | Reached XP level 11. HP: 50/90 MP: 14/19
  2347 | D        | Noticed a death knight
  2347 | D        | Noticed a wizard
  2354 | D        | Killed a death knight
  2368 | D        | Killed a wizard
  2600 | D        | Reached skill level 18 in Axes
  2646 | D        | Noticed a merfolk impaler
  2646 | D        | Noticed a merfolk aquamancer
  2647 | D        | Reached skill level 1 in Dodging
  2647 | D        | Noticed a two-headed ogre
  2650 | D        | Mangled by a merfolk impaler

Skill      XL: |  1  2  3  4  5  6  7  8  9 10 11 |
---------------+----------------------------------+-----
Axes           | 4 6 8 9 10 12 13 15 17 18 | 18.0
Invocations    | 2 3 5 8 9 11 | 11.7
Armour         | 6 7 10 12 13 | 13.3
Dodging        | 1 |  1.9
Shields        | 3 |  3.2
Fighting       | 4 |  4.0

Action                   |  1- 3 |  4- 6 |  7- 9 | 10-12 || total
-------------------------+-------+-------+-------+-------++-------
Melee: War axe           |    23 |     5 |     7 |    18 ||    53
       Hand axe          |       |    20 |    35 |       ||    55
Throw: Stone             |       |       |       |     6 ||     6
Invok: Slouch            |       |       |     7 |    17 ||    24
 Abil: Spit Poison       |       |       |       |     1 ||     1
  Use: Potion            |     2 |       |     4 |     1 ||     7
 Stab: Invisible         |     4 |     6 |       |       ||    10
  Eat: Ration            |       |       |     1 |     1 ||     2
       Chunk             |       |       |       |     1 ||     1
Armor: Scale mail        |     7 |     1 |       |       ||     8
       Chain mail        |       |     4 |     5 |       ||     9
       Plate armour      |       |       |    27 |    27 ||    54
Dodge: Dodged            |     3 |     3 |    10 |    10 ||    26
Block: Shield            |    13 |    13 |    24 |    21 ||    71
